 Dungeon Sprint DCSS version 0.17-a0-1582-ge6b0260 (webtiles) character file.

96 nuthulu the Fighter (level 8, -2/85 HPs)
             Began as a Gargoyle Fighter on July 27, 2015.
             Was a Priest of Trog.
             Slain by a black mamba (6 damage)
             ... in the Dungeon (Sprint VI: "Thunderdome").
             The game lasted 00:03:40 (663 turns).

nuthulu the Fighter (Gargoyle Fighter)               Turns: 663, Time: 00:03:41

Health: -2/85      AC:  9    Str: 26    XL:     8   Next: 9%
Magic:  8/8        EV:  8    Int: 11    God:    Trog [***...]
Gold:   87         SH: 12    Dex: 11    Spells: 0 memorised, 7 levels left

rFire  . . .     SeeInvis .     a - +0 flail
rCold  . . .     Clarity  .     b - +0 scale mail
rNeg   + . .     SustAt   .     c - +0 shield
rPois  ∞         Gourm    .     (no helmet)
rElec  +         Spirit   .     (no cloak)
rCorr  .         Warding  .     (no gloves)
rMut   .         NoTele   +     (no boots)
MR     +....                    (no amulet)
Stlth  ..........               q - ring "Nexiull" {EV+2 Int+3}
                                p - ring of Avyfewkaafe {*Corrode +Inv rElec MR+ Stlth+}

@: mighty, berserking, corroded equipment, very slightly contaminated, hasted,
constricted, very quick, somewhat resistant to hostile enchantments, extremely
unstealthy
A: negative energy resistance 1, electricity resistance, unbreathing,
petrification resistance, rot immunity, subdued magic 1, AC +5
a: Burn Spellbooks, Berserk, Trog's Hand, Renounce Religion, Evoke Invisibility


You were in the Dungeon.
You worshipped Trog.
Trog was most pleased with you.
You were hungry.

You visited 1 branch You collected 390 gold pieces.
You spent 303 gold pieces at shops.

Inventory:

Hand weapons
 a - a +0 flail (weapon)
Armour
 b - a +0 scale mail (worn)
 c - a +0 shield (worn)
Jewellery
 p - the ring of Avyfewkaafe (left hand) {*Corrode +Inv rElec MR+ Stlth+}
   (You bought it in a shop in the Dungeon)

   [ring of invisibility]

   It insulates you from electricity.
   It affects your resistance to hostile enchantments.
   It lets you turn invisible.
   It may corrode your equipment when you take damage.
   It makes you more stealthy.
 q - the ring "Nexiull" (right hand) {EV+2 Int+3}
   (You bought it in a shop in the Dungeon)

   [ring of evasion]

   It affects your evasion (+2).
   It affects your intelligence (+3).
Magical devices
 l - a wand of cold (5)
 m - a wand of fire (5)
Scrolls
 k - 4 scrolls of blinking
 n - 3 scrolls of fog
Potions
 d - 5 potions of might
 f - a potion of curing
 g - a potion of heal wounds
 h - 3 potions of haste
 i - 2 potions of magic
 j - a potion of berserk rage
 o - a potion of resistance
Comestibles
 e - a bread ration


   Skills:
 + Level 10.1 Fighting
 + Level 8.9 Maces & Flails
 + Level 10.0 Armour
 + Level 9.9 Shields


You had 7 spell levels left.
You didn't know any spells.

Dungeon Overview and Level Annotations

Branches:
Dungeon (1/1)

Altars:
Cheibriados
Dithmenos
Fedhas
Gozag
Kikubaaqudgha
Makhleb
Okawaru
Qazlal
Ru
Sif Muna
Trog
Vehumet
Xom
Yredelemnul
Zin
The Shining One
Jiyva
Lugonu

Shops:
D *[%??*?*:[((!!!!


Innate Abilities, Weirdness & Mutations

You are resistant to torment.
Your stone body is resilient (AC +5).
You are immune to poison.
You resist negative energy.
You are resistant to electric shocks.
You can survive without breathing.
You are immune to petrification.
You are immune to rotting.
Your spells are a little easier to cast, but a little less powerful.


Message History

* * * LOW HITPOINT WARNING * * *
The naga warlord hits you with a long sword!
* * * LOW HITPOINT WARNING * * *
x2 The naga warlord constricts you.
The black mamba closely misses you.
Unknown command.
Drink which item? (? for menu, Esc to quit)
You feel much better. You block the black mamba's attack.
The naga warlord hits you with a long sword!
Your corrosive artefact corrodes you!
The naga warlord constricts you.
Drink which item? (? for menu, Esc to quit)
You feel yourself speed up. You block the black mamba's attack.
You block the black mamba's attack.
Use which ability? (? or * to list)
A red film seems to cover your vision as you go berserk!
You feel yourself moving faster!
You feel mighty!
You feel somewhat more hungry. The black mamba bites you.
The naga warlord hits you with a long sword!!
* * * LOW HITPOINT WARNING * * *
x2 The naga warlord constricts you.
The black mamba bites you.
You die...

#_......._#
#........_#
###.........#
#⌠...........
######.8.........8
##∩.__......###....
###∩".......8.# #.8..
##......)......###....
#⌠..N@).....###...###.
#⌠..[.S.....# #.<.# #.
#⌠..........###...###.
##.............###....
###∩........8.# #.8..
##∩__.......###....
######.8.........8
#⌠....(......
###.....†...#


You could see a naga warlord and a black mamba.

Vanquished Creatures
  A vampire mosquito (D)
  2 insubstantial wisps (D)
  A soldier ant (D)
  A swamp drake (D)
  A giant frog (D)
  2 vampire bats (D)
  A hound (D)
  A gnoll shaman (D)
  5 worker ants (D)
  3 gnolls (D)
18 creatures vanquished.

Notes
Turn   | Place    | Note
--------------------------------------------------------------
     0 | D        | nuthulu the Gargoyle Fighter began the quest for the Orb.
     0 | D        | Reached XP level 1. HP: 14/14 MP: 1/1
     1 | D        | Found a viscous altar of Jiyva.
     1 | D        | Found a sacrificial altar of Ru.
     2 | D        | Found a deep blue altar of Sif Muna.
     2 | D        | Found a corrupted altar of Lugonu.
     3 | D        | Found an iron altar of Okawaru.
     3 | D        | Found a basalt altar of Yredelemnul.
     4 | D        | Found Sogh's Do-It-Yourself Clinic.
     4 | D        | Found Nygidak's Distillery.
     5 | D        | Found Ranoq's Bottled Wisdom.
     5 | D        | Found Kuniyrei's Distillery.
     5 | D        | Round 1.
     8 | D        | Found a snail-covered altar of Cheibriados.
    12 | D        | Bought 6 potions of might for 168 gold pieces
    18 | D        | Found a glowing silver altar of Zin.
    19 | D        | Found a shadowy altar of Dithmenos.
    19 | D        | Found an ancient bone altar of Kikubaaqudgha.
    19 | D        | Found a shimmering altar of Xom.
    19 | D        | Found Kiojak's Weapon Rack.
    19 | D        | Found Fintuhyu's Premium Goods.
    20 | D        | Found Gejyzia's Basic Armour.
    20 | D        | Found Faduwoewet's Miscellaneous Merchandise.
    24 | D        | Found a radiant altar of Vehumet.
    25 | D        | Found a burning altar of Makhleb.
    26 | D        | Found Camoff's Identification Station.
    27 | D        | Found Iqateb's Advanced Armour.
    27 | D        | Found Seogeynk's Jewellery.
    27 | D        | Found an opulent altar of Gozag.
    27 | D        | Found a glowing golden altar of the Shining One.
    27 | D        | Found Zoebiwick's Bee Food.
    32 | D        | Found a stormy altar of Qazlal.
    33 | D        | Found a bloodstained altar of Trog.
    34 | D        | Found a blossoming altar of Fedhas.
    34 | D        | Found Plog's Magic Scroll Shop.
    34 | D        | Found Gukled's Staff Store.
    35 | D        | Found Omass's Magic Scroll Shop.
    35 | D        | Found Byavvux's Must-Have Magic.
    41 | D        | Became a worshipper of Trog the Wrathful
    48 | D        | Reached skill level 4 in Fighting
    48 | D        | Reached XP level 2. HP: 4/20 MP: 2/2
    85 | D        | Reached XP level 3. HP: 12/25 MP: 3/3
    87 | D        | Acquired Trog's first power
    87 | D        | Reached skill level 5 in Fighting
    87 | D        | Reached skill level 5 in Armour
    87 | D        | Reached skill level 5 in Shields
   132 | D        | Reached XP level 4. HP: 16/31 MP: 4/4
   136 | D        | Acquired Trog's second power
   136 | D        | Arena points: 12 (+12) [x2]
   144 | D        | Bought a clouded iron ring for 45 gold pieces
   144 | D        | Identified the ring of Avyfewkaafe {*Corrode +Inv rElec MR+ Stlth+} (You bought it in a shop in the Dungeon)
   201 | D        | Round 2.
   226 | D        | Reached skill level 6 in Fighting
   237 | D        | Reached skill level 5 in Maces & Flails
   237 | D        | Reached XP level 5. HP: 18/37 MP: 5/5
   295 | D        | Noticed a soldier ant
   306 | D        | Killed a soldier ant
   306 | D        | Received a gift from Trog
   306 | D        | Reached skill level 7 in Fighting
   306 | D        | Reached XP level 6. HP: 22/44 MP: 6/6
   324 | D        | Arena points: 54 (+42) [x3]
   324 | D        | Reached skill level 8 in Fighting
   337 | D        | Bought a crude golden ring for 45 gold pieces
   337 | D        | Identified the ring "Nexiull" {EV+2 Int+3} (You bought it in a shop in the Dungeon)
   377 | D        | Round 3.
   400 | D        | Noticed an insubstantial wisp
   412 | D        | Noticed a vampire mosquito
   422 | D        | Killed a vampire mosquito
   446 | D        | Killed an insubstantial wisp
   446 | D        | Reached skill level 9 in Fighting
   446 | D        | Reached XP level 7. HP: 43/51 MP: 7/7
   563 | D        | Arena points: 72 (+18) [x1]
   576 | D        | Bought a steaming diamond amulet for 45 gold pieces
   576 | D        | Identified the amulet "Robila" {Inacc *Contam rC+ Int+5} (You bought it in a shop in the Dungeon)
   579 | D        | Round 4.
   591 | D        | Reached skill level 10 in Fighting
   591 | D        | Reached XP level 8. HP: 44/57 MP: 8/8
   634 | D        | Arena points: 96 (+24) [x2]
   634 | D        | Reached skill level 10 in Armour
   641 | D        | Gained mutation: Your spells are a little easier to cast, but a little less powerful. [mutagenic glow]
   649 | D        | Round 5.
   651 | D        | Noticed a naga warlord
   655 | D        | Noticed a black mamba
   663 | D        | HP: 4/85 [naga warlord/long sword (2)]
   663 | D        | Slain by a black mamba

Vault maps used:
D:        arena_sprint

Action                   |  1- 3 |  4- 6 |  7- 9 || total
-------------------------+-------+-------+-------++-------
Melee: Flail             |    17 |    81 |    42 ||   140
Invok: Berserk           |       |     1 |     1 ||     2
  Use: Potion            |     1 |     2 |     3 ||     6
